 Dungeon Crawl Stone Soup version 0.29.0-4-gdea44cf6ec (webtiles) character file.

Game seed: 17660123259052401443

81 qw the Chopper (level 4, -4/26 HPs)
             Began as a Tengu Warper on Aug 28, 2022.
             Slain by Natasha (7 damage)
             ... on level 3 of the Dungeon.
             The game lasted 00:00:11 (2330 turns).

qw the Chopper (Tengu Warper)                       Turns: 2330, Time: 00:00:11

Health: -4/26      AC:  9    Str: 14    XL:     4   Next: 40%
Magic:  8/8        EV: 11    Int: 13    God:
Gold:   144        SH:  0    Dex: 13    Spells: 7/7 levels left

rFire   . . .      SeeInvis .   Y - +0 hand axe
rCold   . . .      Faith    .   (no shield)
rNeg    . . .      Spirit   .   d - +0 ring mail
rPois   .          Reflect  .   (helmet restricted)
rElec   .          Harm     .   (no cloak)
rCorr   .          Rampage  .   (no gloves)
Will    .....                   (boots unavailable)
Stlth   +.........              (no amulet)
HPRegen 0.08/turn               g - +4 ring of protection
MPRegen 0.11/turn               (no ring)

@: about to teleport
A: beak, talons 3
a: no special abilities


You were on level 3 of the Dungeon.
You visited 1 branch of the dungeon, and saw 3 of its levels.

You collected 144 gold pieces.


Innate Abilities, Weirdness & Mutations

You have a beak for a mouth.
You have claws for feet.


   Skills:
 - Level 2.0 Fighting
 + Level 5.0 Axes
 - Level 1.0 Throwing
 - Level 1.1 Armour
 - Level 2.1 Dodging
 - Level 2.0 Spellcasting
 - Level 2.4 Translocations


You had 7 spell levels left.
You didn't know any spells.
Your spell library contained the following spells:

 Spells                   Type           Power      Damage    Failure   Level
 Blink                    Tloc           14%        N/A       30%         2
 Gell's Gravitas          Tloc           7%         N/A       52%         3
 Lesser Beckoning         Tloc           7%         N/A       52%         3
 Teleport Other           Tloc           7%         N/A       52%         3
 Manifold Assault         Tloc           7%         N/A       99%         5

Inventory:

Hand Weapons
 e - a +0 mace
 Y - a +0 hand axe (weapon)
Armour
 d - a +0 ring mail (worn)
Jewellery
 g - a +4 ring of protection (left hand)
Scrolls
 a - a scroll of identify
 b - a scroll of fog {unknown}
Potions
 c - a potion of might {unknown}
 f - a potion of curing {unknown}
 i - a potion of heal wounds {unknown}

Dungeon Overview and Level Annotations

Branches:
Dungeon (3/15)

Altars:

Annotations:
D:3 Natasha


Message History

You hit the adder. You claw the adder. You peck the adder.
You kill the adder!
You hit Natasha but do no damage. You hit the hobgoblin.
You feel sick. The hobgoblin barely misses you.
Natasha stares at you and mumbles some strange words.
The magic dart hits you.
Your Axes skill increases to level 5!
You closely miss the hobgoblin.
The hobgoblin is heavily wounded.
You barely miss Natasha.
You feel sick.
The hobgoblin hits you but does no damage.
Natasha casts a spell at you. You resist with some effort.
You hit the hobgoblin.
You kill the hobgoblin!
You barely miss Natasha.
You feel sick.
You are no longer poisoned.
Natasha completely misses you.
You closely miss Natasha. Your peck misses Natasha.
Natasha is lightly wounded.
Natasha claws you but does no damage.
You slash Natasha! You peck Natasha, but do no damage.
Natasha is severely wounded.
Natasha completely misses you.
You hit Natasha but do no damage.
Natasha is severely wounded.
Natasha claws you!
You barely miss Natasha. Your kick misses Natasha. Your peck misses Natasha.
Natasha is severely wounded.
Natasha claws you.
You hit Natasha.
Natasha is severely wounded.
Natasha claws you.
2330 ||| READING scroll of teleportation.
As you read the scroll of teleportation, it crumbles to dust.
You feel strangely unstable. Natasha claws you!
You die...

###.. ##.# .....
##... .... #<..
...##.. . #....#
(..####...#
......h...########
.......@.........#
.......##........#
........###.......#
..##..........#####
...#...####.......#
#...... ####..###.#
#..... #.....#
##....##%###.#
##.......# #.#


You could see Natasha.

Vanquished Creatures
  3 adders
  A worm (D:2)
  3 dart slugs
  An orc (D:3)
  2 ball pythons
  3 endoplasms
  3 giant cockroaches
  7 goblins
  4 hobgoblins
  3 jackals (D:1)
  2 quokkas
  2 bats
  A frilled lizard (D:2)
  7 rats
42 creatures vanquished.

Vanquished Creatures (others)
  10 plants (D:2)
10 creatures vanquished.

Grand Total: 52 creatures vanquished

Notes
Turn   | Place    | Note
-------+----------+-------------------------------------------
     0 | D:1      | qw the Tengu Warper began the quest for the Orb.
     0 | D:1      | Reached XP level 1. HP: 12/12 MP: 4/4
     0 | D:1      | 0 ||| qw: Version: 0.1-a-89-g26bdef1
     0 | D:1      | 0 ||| qw: Game counter: 1066
     0 | D:1      | 0 ||| qw: Always use a shield: true
     0 | D:1      | 0 ||| qw: God list: Okawaru
     0 | D:1      | 0 ||| qw: Allow faded altars: false
     0 | D:1      | 0 ||| qw: Do Orc after D:15 true
     0 | D:1      | 0 ||| qw: Do second Lair branch before Depths: true
     0 | D:1      | 0 ||| qw: Lair rune preference: random
     0 | D:1      | 0 ||| qw: Plans: Normal
     0 | D:1      | 0 ||| PLANNING D:1-11
   273 | D:1      | Found a faded altar of an unknown god.
   340 | D:1      | 340 ||| Stepping ~*~*~tactically~*~*~ (hiding).
   349 | D:1      | Reached skill level 3 in Axes
   349 | D:1      | Reached XP level 2. HP: 17/17 MP: 6/6
   781 | D:1      | 781 ||| Stepping ~*~*~tactically~*~*~ (stealth).
   782 | D:1      | 782 ||| Stepping ~*~*~tactically~*~*~ (stealth).
  1197 | D:1      | 1197 ||| UPGRADING to +0 ring mail.
  1207 | D:1      | 1207 ||| DROPPING +0 leather armour.
  1208 | D:1      | 1208 ||| UPGRADING to +4 ring of protection.
  1209 | D:1      | 1209 ||| DROPPING ring of magical power.
  1210 | D:1      | 1210 ||| READING 2 scrolls labelled EWAVVI NIMMU.
  1211 | D:1      | 1211 ||| READING scroll labelled UFIAXO COUJIWI.
  1216 | D:1      | 1216 ||| READING scroll labelled KIJUPU WAERYTOVVO.
  1217 | D:1      | 1217 ||| DROPPING scroll of blinking.
  1309 | D:2      | Reached XP level 3. HP: 21/21 MP: 7/7
  1314 | D:2      | Reached skill level 4 in Axes
  1758 | D:2      | 1758 ||| Stepping ~*~*~tactically~*~*~ (stealth).
  1767 | D:2      | Identified the +4 sling of Tenacity {speed, rC+ Will+ rCorr
                  | Dex-3}
  1835 | D:2      | 1835 ||| Stepping ~*~*~tactically~*~*~ (stealth).
  1908 | D:2      | 1908 ||| Stepping ~*~*~tactically~*~*~ (stealth).
  1927 | D:2      | Reached XP level 4. HP: 18/26 MP: 8/8
  2210 | D:2      | 2210 ||| DROPPING +3 leather armour.
  2242 | D:3      | 2242 ||| STAIRDANCE
  2251 | D:3      | 2251 ||| DROPPING +0 club.
  2315 | D:3      | Noticed Natasha
  2323 | D:3      | Reached skill level 5 in Axes
  2329 | D:3      | HP: 3/26 [Natasha (5)]
  2330 | D:3      | 2330 ||| READING scroll of teleportation.
  2330 | D:3      | Slain by Natasha

Levels and vault maps discovered:
D:1:      saegor_arrival_simple_c, layout_basic, ebering_ecumenical_altar_webs
D:2:      wad_lake_hut, layout_loops_cross, minmay_between
D:3:      layout_rooms, mainiacjoe_overflow_concentric_impassable, uniq_natasha,
          uniq_terence

Skill      XL: |  1  2  3  4 |
---------------+-------------+-----
Axes           | 3 4 5 |  5.0
Fighting       | |  2.0
Throwing       | |  1.0
Armour         | |  1.1
Dodging        | |  2.1
Spellcasting   | |  2.0
Translocations | |  2.4

Action                   |  1- 3 |  4- 6 || total
-------------------------+-------+-------++-------
Melee: Hand axe          |    83 |    31 ||   114
       Kick              |    17 |     4 ||    21
       Peck              |     8 |     4 ||    12
       Punch             |     1 |       ||     1
Throw: Boomerang         |     7 |       ||     7
  Use: Scroll            |     3 |     1 ||     4
Armor: Leather armour    |     9 |       ||     9
       Ring mail         |    17 |    13 ||    30
Dodge: Dodged            |    30 |    19 ||    49

Table legend:
 A = Non-vault XP
 B = Vault XP
 C = Vault XP percentage of total XP
 D = Non-vault monster count
 E = Vault monster count
 F = Vault count percentage of total count
                 A         B        C        D         E       F
            +---------+---------+-------+---------+---------+-------
      Total |      94 |      22 |  19.0 |      37 |       5 |  11.9
            +---------+---------+-------+---------+---------+-------
        D:1 |      29 |       0 |   0.0 |      15 |       0 |   0.0
        D:2 |      40 |      22 |  35.5 |      15 |       5 |  25.0
        D:3 |      25 |       0 |   0.0 |       7 |       0 |   0.0
            +---------+---------+-------+---------+---------+-------
